[Event "Rapid della Domenica"]
[Site "Chess.com"]
[Date "2020.05.24"]
[Round "5"]
[White "malberici"]
[Black "APipitone"]
[Result "1-0"]
[WhiteElo "1456"]
[BlackElo "1503"]
[TimeControl "720+3"]
[EndTime "7:59:02 PDT"]
[Termination "malberici ha vinto per abbandono"]

1. d4 Nf6 2. c4 d5 3. cxd5 Nxd5 4. Nf3 Nc6 5. e3 Bg4 6. Be2 g6 7. O-O Bg7 8. Nc3 e6 9. Qa4 O-O 10. h3 Bxf3 11. Bxf3 Nxc3 12. bxc3 Qd7 13. Qb3 Na5 14. Qc2 Rac8 15. Rb1 b6 16. Rd1 Rfd8 17. e4 c5 18. Qd2 cxd4 19. cxd4 Bxd4 20. Bb2 Bxf2+ 21. Qxf2 Qxd1+ 22. Bxd1 Nc4 23. Ba1 Rd2 24. Qf6 e5 25. Bb3 Rd6 26. Qe7 Re6 27. Qd7 a5 28. Qxc8+ 1-0

[Event "Rapid della Domenica"]
[Site "Chess.com"]
[Date "2020.05.24"]
[Round "5"]
[White "sirmale49"]
[Black "Mrtre7"]
[Result "0-1"]
[WhiteElo "1372"]
[BlackElo "1436"]
[TimeControl "720+3"]
[EndTime "8:03:18 PDT"]
[Termination "Mrtre7 ha vinto per abbandono"]

1. f4 d5 2. Nf3 c5 3. e3 g6 4.
g3 Bg7 5. d4 cxd4 6. Nxd4 Nc6 7. c3 Nf6 8. Bg2 O-O 9. Nd2 Re8 10. O-O Ng4 11. N2b3 e5 12. Nxc6 bxc6 13. e4 exf4 14.
Rxf4 Qb6+ 15. Nd4 Nf6 16. Qf3 dxe4 17. Qe3 Nd5 18. Rxe4 Nxe3 19. Rxe8+ Bf8 20. Rxe3 Bb7 21. Bd2 Bh6 22. Re2 Bxd2 23. Rxd2 Rd8 24. Rad1 c5 25. Bxb7 cxd4 26. cxd4 Qxb7 27. Kf1 Qf3+ 28. Ke1 Re8+ 0-1

[Event "Rapid della Domenica"]
[Site "Chess.com"]
[Date "2020.05.24"]
[Round "5"]
[White "toninoiuorio"]
[Black "laremaro"]
[Result "1/2-1/2"]
[WhiteElo "1552"]
[BlackElo "1572"]
[TimeControl "720+3"]
[EndTime "8:12:37 PDT"]
[Termination "Partita patta per ripetizione di mosse"]

1. d4 Nf6 2. c4 e6 3. Nc3 d5 4. cxd5 exd5 5. Bg5 Be7 6. e3 O-O 7. Qc2 Bg4 8. Bd3 Nbd7 9. Nf3 c5 10. Ne5 cxd4 11.
exd4 h6 12. Bxf6 Nxf6 13. f4 Rc8 14. Qb3 Re8 15. Nxg4 Nxg4 16. O-O Bf6 17. Ne2 Rxe2 18. Bxe2 Bxd4+ 19. Kh1 Nf2+ 20. Rxf2 Bxf2 21. Rd1 Qe7 22. Bg4 Re8 23. Qd3 Qe1+ 24. Qf1 Qxd1 25. Qxd1 Re1+ 26. Qxe1 Bxe1 27. g3 Kf8 28. Bf3 d4 29. Kg2 b6 30.
Bb7 Ke7 31. Ba6 Kd6 32. a4 Kc5 33. b3 Kb4 34. Kf1 Bd2 35. Bc4 Kc3 36. h3 f6 37.
Ke2 Bc1 38. Bb5 Ba3 39. Bc4 Bd6 40. Bb5 Kxb3 41. Kd2 a6 42. Bd7 Kb4 43. Kc2 Bc5 44.
g4 b5 45. axb5 axb5 46. Kd2 Bd6 47. Kd3 Bxf4 48. Kxd4 Ka5 49. Bf5 b4 50. Ke4 Be5 51.
Kd3 b3 52. h4 b2 53. Kc2 Kb4 54. Be4 Kc5 55. Bf5 Kd6 56. Bh7 Ke7 57. Bf5 Kd6 58.
Bh7 Ke7 59. Bf5 Kf7 60. h5 Ke7 61. Kb3 Kd6 62. Kc2 Kc5 63. Kb1 Kd4 64. Be6 Kc3 65. Bd7 Kd2 66. Bf5 Ke3 67. Be6 Kf4 68. Bd7 Kg5 69.
Bf5 Kf4 70. Be6 Kg5 71. Bf5 Kf4 72. Be6 Kg5 73. Bf5 1/2-1/2

[Event "Rapid della Domenica"]
[Site "Chess.com"]
[Date "2020.05.24"]
[Round "6"]
[White "Carbon"]
[Black "malberici"]
[Result "1-0"]
[WhiteElo "1772"]
[BlackElo "1450"]
[TimeControl "720+3"]
[EndTime "8:31:55 PDT"]
[Termination "Carbon ha vinto per abbandono"]

1. e4 Nf6 2. Nc3 e5 3. Bc4 Bc5 4. d3 h6 5. Nf3 c6 6. d4 exd4 7. Nxd4 O-O 8. O-O b5 9. Bb3 a5 10. e5 Nh7 11. a4 b4 12. Ne4 Bxd4 13. Qxd4 Ba6 14. Re1 Qe7 15. Bf4 Bb7 16. Nd6 c5 17.
Qe3 Bc6 18. Qg3 Ng5 19. h4 Ne4 20. Nxe4 Bxe4 21. Rxe4 Kh8 22. Rd1 Ra6 23. h5 f5 24.
Ree1 Nc6 25. Rd6 Nd4 26. Rxa6 Nxb3 27. cxb3 Rc8 28. Bxh6 Rc6 29. Rxc6 dxc6 30. Bg5 Qe6 31. h6 g6 32. Bf6+ Kh7 33. Rd1 1-0

[Event "Rapid della Domenica"]
[Site "Chess.com"]
[Date "2020.05.24"]
[Round "6"]
[White "pedrak"]
[Black "crippo"]
[Result "1-0"]
[WhiteElo "1678"]
[BlackElo "1558"]
[TimeControl "720+3"]
[EndTime "8:31:58 PDT"]
[Termination "pedrak ha vinto per abbandono"]

1. d4 d5 2. Nf3 Nf6 3. c3 e6 4. e3 Ne4 5. Nbd2 f5 6. Ne5 Nd7 7. Nxd7 Qxd7 8. Be2 c6 9. O-O Be7 10. f3 Nf6 11. Qc2 O-O 12. b3 Bd6 13. Bb2 Qf7 14.
e4 fxe4 15. fxe4 dxe4 16. Nxe4 Bc7 17. Nxf6+ gxf6 18. Rf3 Kh8 19. Raf1 Qg7 20. Bc1 Bd7 21. Bf4 Bxf4 22. Rxf4 f5 23. R1f3 Rf6 24. Qd3 Rg8 25.
Rg3 Rg6 26. Rxg6 Qxg6 27. Bf3 Qh6 28. Qe3 Qg5 29. Qe5+ Qg7 30. Qxg7+ Rxg7 31. c4 Kg8 32. Kf2 Kf8 33. Rh4 Ke7 34. g3 Be8 35.
Rh6 Bg6 36. Ke3 Kf6 37. Kf4 Rd7 38. Ke3 e5 39. d5 cxd5 40. Bxd5 b6 41. Rh4 Kg5 42. Rh3 h5 43. a3 Re7 44. b4 f4+ 45.
Kf2 Bf5 46. Rh4 Be6 47. Bf3 Bf7 48.
Ke1 Bg6 49. Bd5 fxg3 50. hxg3 e4 51. Rf4 e3 52. Ke2 Bf5 53. a4 Bg4+ 54. Bf3 Bxf3+ 55. Rxf3 Kg4 56. c5 bxc5 57. bxc5 Rc7 58. Rxe3 Rxc5 59. Kd2 Rc4 60. Ra3 Kh3 61. a5 Rg4 62. Rf3 Rxg3 63.
Rf7 a6 64. Rf6 Ra3 65. Rxa6 h4 66. Ke2 Kg2 67. Rg6+ Rg3 68. Rh6 h3 69. a6 h2 70.
a7 Rg8 71. Rg6+ Rxg6 72. a8=Q+ Kh3 73. Qf3+ Rg3 74. Qf1+ Rg2+ 75. Kf3 h1=Q 76. Qxh1+ Rh2 77. Qf1+ Kh4 78. Qc4+ Kh5 79. Qd5+ Kh6 80. Qd6+ Kg5 81.
Qxh2 1-0

[Event "Rapid della Domenica"]
[Site "Chess.com"]
[Date "2020.05.24"]
[Round "6"]
[White "laremaro"]
[Black "fausto2p"]
[Result "1-0"]
[WhiteElo "1574"]
[BlackElo "1193"]
[TimeControl "720+3"]
[EndTime "8:32:07 PDT"]
[Termination "laremaro ha vinto per abbandono"]

1. b3 d5 2. Bb2 c5 3. e3 e6 4.
Bb5+ Bd7 5. Bxd7+ Qxd7 6. d3 Nf6 7. Nd2 Nc6 8. Ngf3 Be7 9. O-O O-O 10. e4 d4 11. a4 e5 12. Nc4 Qc7 13. Bc1 h6 14. g3 Nd7 15. Nh4 Bxh4 16. gxh4 Qd8 17. Qg4 Nf6 18. Qg3 Re8 19. Bxh6 Nh5 20. Qg4 g6 21.
Bg5 Qc8 22. Qxc8 Rexc8 23. Bd2 f6 24. f4 Kh7 25. fxe5 Nxe5 26. Nxe5 fxe5 27. Rf7+ Kg8 28.
Rxb7 Rf8 29. Rf1 Nf4 30. Bxf4 exf4 31. Kf2 Rf7 32. Rxf7 Kxf7 33. Kf3 Rf8 34. Rg1 Kg7 35.
Rg4 Kh6 36. Rxf4 Rxf4+ 37. Kxf4 Kh5 38. e5 Kh6 39. e6 Kg7 40. Ke5 Kf8 41. Kf6 a6 42.
Kxg6 Ke7 43. Kf5 a5 44. h5 Ke8 45. Kf6 Kf8 46. h4 Ke8 47. e7 Kd7 48. Kf7 1-0

[Event "Rapid della Domenica"]
[Site "Chess.com"]
[Date "2020.05.24"]
[Round "6"]
[White "APipitone"]
[Black "SanSecondoPR"]
[Result "1-0"]
[WhiteElo "1526"]
[BlackElo "1312"]
[TimeControl "720+3"]
[EndTime "8:33:23 PDT"]
[Termination "APipitone ha vinto per abbandono"]

1. e4 e5 2. Nf3 Nc6 3. Bb5 Nge7 4. c3 g6 5. d4 Bg7 6. d5 Nb8 7. Bg5 f6 8. Be3 O-O 9. O-O d6 10. Be2 c6 11. c4 Nd7 12. Nc3 Nc5 13. b4 Na6 14. c5 Nxb4 15. dxc6 Nexc6 16. cxd6 Bd7 17. a3 Na6 18. Bc4+ Kh8 19. Nd5 Na5 20. Ba2 b6 21. Nb4 Nc5 22. Bxc5 bxc5 23. Nd3 Bb5 24. Rc1 Qxd6 25.
Nxc5 Qxd1 26. Rfxd1 Be2 27. Rd7 Bh6 28. Rc3 Bb5 29.
Rc7 Rad8 30. h3 Rd1+ 31. Kh2 Bf4+ 32. g3 Bh6 33. Ne6 Re8 34. Rc8 Bd7 35. Rxe8+ Bxe8 36. Rc8 Kg8 37. Rxe8+ Kf7 38. Nc7+ Kg7 39. Re7+ Kf8 40. Rxh7 Bc1 41. Ne6+ Kg8 42. Rxa7 Nc6 43. Nd8+ Kf8 44.
Nxc6 Bxa3 45. Rxa3 1-0

[Event "Rapid della Domenica"]
[Site "Chess.com"]
[Date "2020.05.24"]
[Round "6"]
[White "Mrtre7"]
[Black "toninoiuorio"]
[Result "1/2-1/2"]
[WhiteElo "1439"]
[BlackElo "1544"]
[TimeControl "720+3"]
[EndTime "8:38:38 PDT"]
[Termination "Patta per materiale insufficiente"]

1. d4 d5 2. c4 e6 3. Nc3 Nf6 4.
cxd5 exd5 5. Bg5 Bb4 6. e3 Nc6 7. Bd3 Be6 8. Ne2 Bxc3+ 9. bxc3 h6 10. Bh4 O-O 11. O-O Rb8 12. e4 g5 13. exd5 Nxd5 14.
Bg3 Nde7 15. f4 Nd5 16. fxg5 hxg5 17. c4 Nc3 18. Qd2 Nxe2+ 19. Bxe2 Qxd4+ 20. Qxd4 Nxd4 21. Bd3 g4 22. Bxc7 Rbc8 23. Bd6 Rfd8 24. c5 b6 25. Ba6 Rxc5 26. Bxc5 bxc5 27. Rac1 Rd5 28. Bc4 Re5 29.
Bd3 Bxa2 30. Rf4 Re3 31. Rxg4+ Kf8 32. Ba6 Be6 33. Rg3 Rxg3 34. hxg3 Nb3 35. Rc3 Ke8 36. Bc4 Bxc4 37. Rxc4 a5 38. Kf2 Kd7 39. Ke3 Ke6 40. Kd3 Kd5 41. Rc3 a4 42. Kc2 c4 43.
Rf3 Nd4+ 44. Kb2 Nxf3 45. gxf3 f5 46. g4 fxg4 47. fxg4 Kd4 48. g5 Ke5 49. Ka3 c3 50. Ka2 c2 51. Kb2 Kd5 52. g6 c1=Q+ 53. Kxc1 Ke6 54. Kb2 Kf6 55. Ka3 Kxg6 56. Kxa4 1/2-1/2